cohdb
Replays
Latest Replays
All Replays
Popular Replays
Top Player Replays
Match Explorer
How It Works
Community
CoH3 Stats
Reddit
Sign in to upload your games and track your stats! →
Sign in with Steam
Match 44331893
Unlisted
Match 44331893
Overview
Messages
Build Orders
End
Panzerpioneer Squad
Selects Italian Infantry
Panzerpioneer Squad
250 Light Carrier
Construct Light Support Kompanie
Combat Half-tracks
Construct Mechanized Kompanie
Selects Guastatori Squad
Guastatori Squad
Panzerjäger Mechanized Group
Guastatori Squad
Selects Defensive Operations
Marder III Tank Destroyer
Marder III Tank Destroyer
Selects Registered Artillery
Selects Prepared Positions
Sol Invictus
markplaya10
Calm
龙公
Gwangju's Hero Chun Doo-gwang
Беашел
Dark Angels
Tirant
0
0
Comments
sign in to comment!
No comments posted yet!